 Dungeon Crawl Stone Soup version 0.29.0-11-gd7f09526c8 (webtiles) character file.

Game seed: 9738034003687188160

67392 asciineuron the Eclecticist (level 14, 0/119 HPs)
             Began as a Mummy Necromancer on Sept 2, 2022.
             Was the Champion of Kikubaaqudgha.
             Killed from afar by a shock serpent (2 damage)
             ... with a bolt of electricity
             ... on level 1 of the Snake Pit on Sept 3, 2022.
             The game lasted 01:17:19 (29345 turns).

asciineuron the Eclecticist (Mummy Necromancer)    Turns: 29345, Time: 01:17:20

Health: 0/119      AC: 11    Str: 12    XL:     14   Next: 82%
Magic:  28/34      EV: 22    Int: 22    God:    Kikubaaqudgha [******]
Gold:   1365       SH:  5    Dex: 18    Spells: 8/46 levels left

rFire   . . .      SeeInvis .   f - +6 long sword "Zokk" {elec, Dex+5}
rCold   + . .      Faith    .   (no shield)
rNeg    + + +      Spirit   .   e - +0 troll leather armour
rPois   ∞          Reflect  +   (no helmet)
rElec   .          Harm     .   j - +0 cloak
rCorr   .          Rampage  .   n - +2 pair of gloves of the Skies Above {rF+ Int+4}
Will    ++...                   g - +2 pair of boots
Stlth   ++........              H - amulet of reflection
HPRegen 1.09/turn               m - +4 ring of evasion
MPRegen 0.24/turn               z - ring of willpower

@: no status effects
A: cold resistance 1, negative energy resistance 3, torment resistance 2, heat
vulnerability 1, in touch with death 2, no potions
a: Renounce Religion, Unearth Wretches, Torment, Brand Weapon With Pain, Receive
Forbidden Knowledge


You were on level 1 of the Snake Pit.
You worshipped Kikubaaqudgha.
Kikubaaqudgha was exalted by your worship.
You visited 4 branches of the dungeon, and saw 18 of its levels.
You also visited: Sewer, Bailey and Ice Cave.

You collected 1695 gold pieces.
You spent 330 gold pieces at shops.

Inventory:

Hand Weapons
 f - the +6 long sword "Zokk" (weapon) {elec, Dex+5}
   (You found it on level 5 of the Dungeon)

   It occasionally discharges a powerful burst of electricity upon striking a
   foe.
   Dex:       It affects your dexterity (+5).
 i - a +2 antimagic mace
 D - a +4 short sword of electrocution
 G - a +2 rapier of venom
Missiles
 h - 10 curare-tipped darts
 l - 22 boomerangs
 r - 37 poisoned darts
 J - 6 throwing nets
 Q - 5 datura-tipped darts
Armour
 e - a +0 troll leather armour (worn)
 g - a +2 pair of boots (worn)
 j - a +0 cloak (worn)
 n - the +2 pair of gloves of the Skies Above (worn) {rF+ Int+4}
   (You found it on level 4 of the Dungeon)

   Int:       It affects your intelligence (+4).
   rF:        It protects you from fire.
 B - +0 steam dragon scales
Magical Staves
 U - a staff of death
Jewellery
 a - a ring of see invisible
 m - a +4 ring of evasion (left hand)
 z - a ring of willpower (right hand)
 H - an amulet of reflection (around neck)
 T - a ring of resist corrosion
Wands
 t - a wand of flame (51)
 x - a wand of light (11)
 K - a wand of iceblast (13)
 P - a wand of paralysis (12)
Scrolls
 b - 10 scrolls of identify
 c - 3 scrolls of immolation
 d - a scroll of blinking
 k - 5 scrolls of teleportation
 s - 2 scrolls of noise
 w - 4 scrolls of torment
 y - a scroll of silence
 E - 2 scrolls of magic mapping
 F - 3 scrolls of summoning
 I - a scroll of fog
 O - 2 scrolls of fear
 X - a scroll of poison
Miscellaneous
 V - a phial of floods


   Skills:
 + Level 13.8 Fighting
 + Level 1.2 Armour
 + Level 10.3 Dodging
 - Level 1.5 Stealth
 + Level 16.6 Spellcasting
 + Level 14.4 Necromancy


You had 8 spell levels left.
You knew the following spells:

 Your Spells              Type           Power      Damage    Failure   Level
a - Necrotise             Necr           100%       1d9       0%          1
b - Vampiric Draining     Necr           100%       2d13      1%          3
c - Animate Dead          Necr           100%       N/A       1%          4
d - Anguish               Hex/Necr       42%        N/A       1%          4
e - Agony                 Necr           100%       N/A       1%          5
f - Dispel Undead         Necr           100%       3d31      1%          4
g - Death Channel         Necr           55%        N/A       1%          6
h - Blink                 Tloc           36%        N/A       6%          2
i - Borgnjor's Vile Clut  Necr/Erth      42%        N/A       5%          5
j - Corpse Rot            Necr/Pois/Air  73%        N/A       5%          4

Your spell library contained the following spells:

 Spells                   Type           Power      Damage    Failure   Level
 Freeze                   Ice            72%        1d9       4%          1
 Frozen Ramparts          Ice            36%        1d6       12%         3
 Lesser Beckoning         Tloc           18%        N/A       12%         3
 Portal Projectile        Hex/Tloc       36%        N/A       12%         3
 Tukima's Dance           Hex            18%        N/A       12%         3
 Simulacrum               Ice/Necr       42%        N/A       30%         6
 Hailstorm                Conj/Ice       18%        3d6       36%         4
 Summon Ice Beast         Ice/Summ       18%        N/A       36%         4
 Summon Lightning Spire   Summ/Air       18%        N/A       36%         4
 Manifold Assault         Tloc           18%        N/A       73%         5
 Summon Hydra             Summ           9%         N/A       100%        7
 Maxwell's Capacitive Co  Air            9%         ∞         100%        8
 Chain Lightning          Conj/Air       9%         3d12      100%        9
 Fire Storm               Conj/Fire      9%         8d2       100%        9
 Shatter                  Erth           9%         3d11*     100%        9
 Sublimation of Blood     Necr           Unusable   N/A       N/A         2
 Wereblood                Tmut           Unusable   N/A       N/A         2
 Ice Form                 Ice/Tmut       Unusable   N/A       N/A         4
 Blade Hands              Tmut           Unusable   N/A       N/A         5
 Storm Form               Tmut/Air       Unusable   N/A       N/A         7

Dungeon Overview and Level Annotations

Branches:
Dungeon (10/15)            Temple (0/1) D:7            Lair (5/5) D:9
 Shoals (0/4) Lair:2        Snake (1/4) Lair:2        Slime (0/5) Lair:4
    Orc (2/2) D:9             Elf (0/3) Orc:2         Sewer (visited)
 Bailey (visited)           IceCv (visited)

Altars:
Kikubaaqudgha
Makhleb

Shops:
D:2 ?   D:3 ?   D:9 =   Orc:2 ==(*   Snake:1 :


Innate Abilities, Weirdness & Mutations

You are immune to poison.
Your flesh is cold resistant. (rC+)
You are immune to negative energy. (rN+++)
You are immune to unholy pain and torment.
You are vulnerable to heat. (rF-)
You are strongly in touch with the powers of death.
You do not drink.


Message History

The bolt of electricity hits you!!
The shock serpent shoots out a bolt of lightning at you!
The bolt of electricity hits you!!
* * * LOW HITPOINT WARNING * * *
Unknown command.
You are too injured to fight recklessly!
The shock serpent bites you.
* * * LOW HITPOINT WARNING * * *
The shock serpent shocks you!
* * * LOW HITPOINT WARNING * * *
The shock serpent barely misses you.
Casting: Animate Dead (safe; 1% risk of failure)
Confirm with . or Enter, or press ? or * to list all spells.
Aiming: Vampiric Draining (safe; 1% risk of failure)
Press: ? - help, Shift-Dir - straight line, f - shock serpent
Aim: a shock serpent You feel a strong surge of power!
You draw life force from the shock serpent!
You feel life coursing into your body.
The shock serpent's electric aura discharges, shocking you!
* * * LOW HITPOINT WARNING * * *
The shock serpent completely misses you.
Unknown command.
Casting: Vampiric Draining (safe; 1% risk of failure)
Confirm with . or Enter, or press ? or * to list all spells.
Aiming: Vampiric Draining (safe; 1% risk of failure)
Press: ? - help, Shift-Dir - straight line, f/p - shock serpent
Aim: a shock serpent (moderately wounded)
You feel a strong surge of power!
You draw life force from the shock serpent!
You feel life coursing into your body.
The shock serpent's electric aura discharges, shocking you!
* * * LOW HITPOINT WARNING * * *
The shock serpent shoots out a bolt of lightning at you!
The bolt of electricity hits you!!
* * * LOW HITPOINT WARNING * * *
The shock serpent shoots out a bolt of lightning at you!
The bolt of electricity hits you.
You die...
Kikubaaqudgha rasps: "You have failed me!
Welcome... oblivion!"

#.#.# *,* *, #,#Z# #### *,* **
*,#.# ##..## *,********* *,#.#
##....## *,,,,,,,,,,
*,#Z#####......## *,*********
*,#.....'.......##*,* *
*,#######...=....#*,* * *,*
#........#*,* *
**+******#...@S...#*,* *
*,,,,,,,*#........#*,* *
*,,,,,,,,#........#*,* *
*,,,,,,,..........#*,* *
*,,,,,............#*,* *
*,,,,.............#*,*********
*,,,,...........>.#*,,,,,,,,,,
*,,,,.............#*,*********
*,,,,,,,,,,,,,,,,,**,***** *


You could see a shock serpent.

Vanquished Creatures
  An orc warlord (Orc:2)
  Harold (D:9)
  Fannar (Lair:2)
  2 vault guards (Bailey)
  2 hydras
  A catoblepas (Lair:3)
  An anaconda (Snake:1)
  A two-headed ogre (Orc:2)
  Erica (D:8)
  3 death yaks
  3 orc high priests (Orc:2)
  2 sea snakes (Lair:5)
  Pikel (D:4)
  4 orc knights (Orc:2)
  A mana viper (Snake:1)
  3 orc sorcerers (Orc:2)
  6 elephants
  An oklob plant (Orc:1)
  2 merfolk sirens (Lair:2)
  Joseph (D:7)
  2 black mambas
  A torpor snail (Lair:3)
  6 cane toads
  Psyche (D:8)
  A kobold demonologist (D:8)
  An unseen horror (D:10)
  3 komodo dragons
  A rime drake (Lair:3)
  4 trolls
  2 hornets
  3 polar bears
  Prince Ribbit (Bailey)
  17 blink frogs
  2 slime creatures (IceCv)
  A snapping turtle (Lair:5)
  2 shadows (D:9)
  4 wyverns
  15 yaks
  4 humans (Bailey)
  A basilisk (D:9)
  Grum (D:9)
  A steam dragon (D:8)
  3 wargs
  Menkaure (D:4)
  3 nagas
  12 water moccasins
  A swamp drake (Lair:5)
  A sky beast (D:6)
  6 black bears
  15 orc warriors
  2 ice beasts (D:6)
  13 ogres
  13 wolves
  4 centaurs
  A phantom (D:9)
  2 slime creature simulacra (IceCv)
  4 kobold brigands
  2 lemures
  A gnoll sergeant (D:7)
  17 bullfrogs
  6 scorpions
  A necrophage (D:7)
  A troll zombie (D:9)
  2 wights (D:10)
  4 hounds
  5 orc priests
  A gnoll bouda (Lair:4)
  2 jellies
  6 iguanas
  4 orc wizards
  6 ogre zombies (D:9)
  11 gnolls
  15 adders
  4 shadow imps
  3 white imps
  An ufetubus (D:5)
  3 worms
  6 dart slugs
  41 orcs
  12 ball pythons
  7 bats
  4 endoplasms (D:1)
  11 giant cockroaches
  8 goblins
  10 hobgoblins
  20 kobolds
  4 quokkas
  12 frilled lizards
  4 goblin skeletons (D:9)
  A goblin zombie (D:9)
  3 hobgoblin zombies (D:3)
  A kobold skeleton (D:3)
  An orc skeleton (D:3)
  18 orc zombies
  7 rats
458 creatures vanquished.

Vanquished Creatures (collateral kills)
  A merfolk avatar (Lair:5)
  A two-headed ogre (Orc:2)
  2 orc high priests (Orc:2)
  4 death yaks (Lair:4)
  A sea snake (Lair:5)
  A harpy (Lair:5)
  A cyclops (Orc:2)
  A mana viper (Snake:1)
  2 slime creatures (IceCv)
  A manticore (Lair:5)
  3 elephants (Lair:5)
  A black mamba (Snake:1)
  5 cane toads
  3 komodo dragons
  A wind drake (Lair:5)
  A hornet (Lair:5)
  A polar bear (Lair:5)
  9 blink frogs
  2 wyverns
  14 yaks
  A basilisk (Lair:1)
  A steam dragon (Lair:5)
  A warg (Orc:2)
  A water moccasin (Lair:1)
  2 swamp drakes (Lair:5)
  7 orc warriors
  2 ogres (Orc:2)
  3 wolves
  Blork the orc (D:4)
  5 bullfrogs
  A wight (D:10)
  5 orc priests (Orc:2)
  5 orc wizards
  An ogre zombie (D:9)
  A shadow imp (D:6)
  21 orcs
  An endoplasm (D:2)
  4 giant cockroaches (Sewer)
  A quokka (Sewer)
  A frilled lizard (D:1)
  2 goblin skeletons
  4 kobolds (D:7)
  An orc skeleton (D:9)
  3 orc zombies
  2 rats
  A bush (Lair:2)
133 creatures vanquished.

Vanquished Creatures (others)
  An orc warlord (Orc:2)
  A two-headed ogre (Orc:2)
  A naga ritualist (Snake:1)
  An ugly thing (D:9)
  An ugly thing zombie (D:9)
  A black mamba (Snake:1)
  A gargoyle (D:10)
  A cane toad (Lair:4)
  A rime drake (Lair:5)
  A wind drake (Lair:5)
  4 blink frogs
  A wyvern (D:9)
  2 yaks
  4 slime creature zombies (IceCv)
  A steam dragon (D:9)
  A basilisk (D:9)
  A two-headed ogre zombie (Orc:2)
  2 cane toad zombies (Lair:5)
  3 elephant zombies (Lair:5)
  10 orc warriors
  4 blink frog zombies (Lair:5)
  2 wolves
  2 bullfrogs (Bailey)
  A troll zombie (Orc:2)
  6 yak zombies
  A warg zombie (Orc:2)
  4 bullfrog zombies
  3 wolf zombies (Lair:4)
  12 orc priests
  A centaur zombie (D:7)
  2 human zombies (Bailey)
  3 orc wizards
  An ogre zombie (Orc:2)
  A hound zombie (D:6)
  18 orcs
  A kobold (D:8)
  A goblin zombie (Bailey)
  A hobgoblin zombie (Bailey)
  5 kobold zombies
  45 orc zombies
  36 fungi
  90 plants
  3 withered plants (D:3)
282 creatures vanquished.

Grand Total: 873 creatures vanquished

Notes
Turn   | Place    | Note
-------+----------+-------------------------------------------
     0 | D:1      | asciineuron the Mummy Necromancer began the quest for the
                  | Orb.
     0 | D:1      | Reached XP level 1. HP: 13/13 MP: 4/4
   152 | D:1      | Reached skill level 3 in Spellcasting
   176 | D:1      | Reached XP level 2. HP: 20/20 MP: 3/6
   194 | D:1      | Reached skill level 1 in Fighting
   607 | D:1      | Gained mutation: You are in touch with the powers of death.
                  | [Mummy growth]
   607 | D:1      | Reached XP level 3. HP: 26/26 MP: 4/7
   942 | D:1      | Learned a level 3 spell: Vampiric Draining
  1220 | D:2      | Reached XP level 4. HP: 33/33 MP: 6/9
  1320 | D:2      | Found Haeseep's Magic Scroll Emporium.
  1719 | D:3      | Reached skill level 4 in Spellcasting
  2149 | D:3      | Found Poscheel's Magic Scroll Shop.
  2227 | D:3      | Reached XP level 5. HP: 35/39 MP: 11/11
  2310 | D:3      | Reached skill level 5 in Necromancy
  2494 | D:3      | Found an ancient bone altar of Kikubaaqudgha.
  2510 | D:3      | Learned a level 4 spell: Animate Dead
  3016 | D:3      | Found a burning altar of Makhleb.
  3018 | D:3      | Noticed an Executioner
  3088 | D:3      | Became a worshipper of Kikubaaqudgha
  3238 | D:4      | Found a glowing drain.
  3286 | D:4      | Identified the +2 pair of gloves of the Skies Above {rF+
                  | Int+4}
  3333 | Sewer    | Entered a sewer
  3432 | Sewer    | Reached * piety under Kikubaaqudgha
  3432 | Sewer    | Received a gift from Kikubaaqudgha
  3570 | Sewer    | Reached XP level 6. HP: 47/47 MP: 11/13
  3602 | Sewer    | Reached skill level 5 in Spellcasting
  3724 | Sewer    | Identified the +2 pair of gloves "Baru" {Fly Str-5 Dex+4}
  3852 | D:4      | Noticed Pikel
  3853 | D:4      | Noticed Menkaure
  4005 | D:4      | Killed Pikel
  4006 | D:4      | Reached skill level 6 in Spellcasting
  4006 | D:4      | Reached XP level 7. HP: 55/55 MP: 2/16
  4209 | D:4      | Reached skill level 5 in Fighting
  4609 | D:4      | Killed Menkaure
  4610 | D:4      | Reached skill level 7 in Spellcasting
  4610 | D:4      | Reached XP level 8. HP: 27/62 MP: 6/18
  4827 | D:4      | Noticed Blork the orc
  4835 | D:4      | Killed Blork the orc
  5050 | D:5      | Entered Level 5 of the Dungeon
  5551 | D:5      | Reached ** piety under Kikubaaqudgha
  5806 | D:4      | Reached skill level 8 in Spellcasting
  6203 | D:5      | Identified the +6 long sword "Zokk" {elec, Dex+5}
  6347 | D:5      | Reached XP level 9. HP: 71/71 MP: 13/21
  6563 | D:5      | Reached skill level 9 in Spellcasting
  6947 | D:5      | Learned a level 4 spell: Anguish
  6953 | D:5      | Learned a level 5 spell: Agony
  7366 | D:6      | Reached *** piety under Kikubaaqudgha
  7366 | D:6      | Received a gift from Kikubaaqudgha
  7412 | D:6      | Learned a level 4 spell: Dispel Undead
  7897 | D:7      | Noticed Joseph
  8037 | D:7      | Reached skill level 10 in Spellcasting
  8334 | D:7      | Killed Joseph
  8335 | D:7      | Reached XP level 10. HP: 74/80 MP: 6/24
  8790 | D:7      | Found a staircase to the Ecumenical Temple.
  9722 | D:8      | Noticed a sixfirhy
  9728 | D:8      | Reached **** piety under Kikubaaqudgha
 10095 | D:8      | Noticed Psyche
 10122 | D:8      | Killed Psyche
 10617 | D:8      | Noticed Erica
 10631 | D:8      | Killed Erica
 10803 | D:9      | Found a flagged portal.
 10809 | Bailey   | Entered a bailey
 10822 | Bailey   | Reached skill level 11 in Spellcasting
 10874 | Bailey   | Reached skill level 10 in Necromancy
 11057 | Bailey   | Noticed Prince Ribbit
 11058 | Bailey   | Noticed a vault guard
 11108 | Bailey   | Killed a vault guard
 11109 | Bailey   | Reached skill level 5 in Dodging
 11109 | Bailey   | Reached XP level 11. HP: 83/89 MP: 7/26
 11221 | Bailey   | Killed Prince Ribbit
 11349 | Bailey   | Noticed a vault guard
 11358 | Bailey   | Killed a vault guard
 11813 | D:9      | Found Sasuz's Jewellery Shoppe.
 11817 | D:9      | Bought an amulet of reflection for 330 gold pieces
 11843 | D:9      | You fall into a shaft and drop 1 floor!
 11843 | D:10     | Entered Level 10 of the Dungeon
 11851 | D:10     | Learned a level 6 spell: Death Channel
 12486 | D:10     | Reached skill level 12 in Spellcasting
 13026 | D:9      | Found a staircase to the Orcish Mines.
 13026 | D:9      | Noticed a brown ugly thing
 13041 | D:9      | Killed a brown ugly thing
 13073 | D:9      | Reached skill level 10 in Fighting
 13406 | D:9      | Noticed Grum
 13412 | D:9      | Killed Grum
 13485 | D:9      | Noticed Harold
 13489 | D:9      | Killed Harold
 14364 | D:9      | Found a staircase to the Lair.
 14774 | Lair:1   | Entered Level 1 of the Lair of Beasts
 15456 | Lair:1   | Reached XP level 12. HP: 98/98 MP: 21/28
 15712 | Lair:1   | Reached ***** piety under Kikubaaqudgha
 15713 | Lair:1   | Reached skill level 13 in Spellcasting
 16683 | Lair:2   | Noticed Fannar
 16694 | Lair:2   | Killed Fannar
 16872 | Lair:2   | Found a staircase to the Snake Pit.
 18057 | Lair:2   | Found a staircase to the Shoals.
 18231 | Lair:3   | Noticed a death yak
 18241 | Lair:3   | Killed a death yak
 18401 | Lair:3   | Noticed a catoblepas
 18892 | Lair:3   | Reached skill level 14 in Spellcasting
 19748 | Lair:3   | Noticed a six-headed hydra
 19757 | Lair:3   | Killed a six-headed hydra
 19758 | Lair:3   | Gained mutation: You are strongly in touch with the powers
                  | of death. [Mummy growth]
 19758 | Lair:3   | Reached XP level 13. HP: 87/107 MP: 12/31
 20815 | Lair:4   | Found a staircase to the Slime Pits.
 21184 | Lair:5   | Entered Level 5 of the Lair of Beasts
 21635 | Lair:5   | Reached skill level 15 in Spellcasting
 22304 | Lair:5   | Reached ****** piety under Kikubaaqudgha
 22604 | Lair:5   | Identified the +0 leather armour of Indecent Exposure
                  | {+Blink}
 22615 | Lair:5   | Reached XP level 14. HP: 116/116 MP: 20/33
 22654 | Lair:5   | Learned a level 2 spell: Blink
 22660 | Lair:5   | Learned a level 5 spell: Borgnjor's Vile Clutch
 22747 | Lair:5   | Identified the +1 leather armour of the Trout {rPois rN+
                  | Int+4}
 22934 | Lair:5   | Identified the +0 chain mail of Polish {rCorr Stlth+}
 23695 | Orc:1    | Entered Level 1 of the Orcish Mines
 24547 | Orc:2    | Entered Level 2 of the Orcish Mines
 25686 | Orc:2    | Found Lubliuf's Assorted Antiques.
 25706 | Orc:2    | Reached skill level 16 in Spellcasting
 25904 | Orc:2    | Found Baritrof's Weapon Shop.
 26585 | Orc:2    | Noticed an orc warlord
 26609 | Orc:2    | Killed an orc warlord
 26966 | Orc:2    | Found Enu Acid's Jewellery Shop.
 27122 | Orc:2    | Found Zoibel's Jewellery Emporium.
 27133 | Orc:2    | Reached skill level 10 in Dodging
 27256 | Orc:2    | Noticed an orc warlord
 27262 | Orc:2    | Killed an orc warlord
 27553 | Orc:2    | Found a staircase to the Elven Halls.
 28455 | D:9      | Learned a level 4 spell: Corpse Rot
 28870 | Snake:1  | Entered Level 1 of the Snake Pit
 28870 | Snake:1  | Found Hitusk's Book Emporium.
 28889 | Snake:1  | Found a frozen archway.
 28906 | Snake:1  | Reached skill level 1 in Armour
 29020 | IceCv    | Entered an ice cave
 29069 | IceCv    | Noticed a quicksilver ooze
 29088 | IceCv    | HP: 5/119 [quicksilver ooze[an orange crystal statue] (19)]
 29345 | Snake:1  | HP: 2/119 [shock serpent/bolt of electricity (20)]
 29345 | Snake:1  | Killed from afar by a shock serpent

Illustrated notes

Levels and vault maps discovered:
D:1:      minmay_arrival_hallway, layout_rooms, st_stairs_2, minmay_lizard_pond
D:2:      layout_rooms, serial_shops, nicolae_shop_crystal, minmay_circle_x
D:3:      layout_loops_corners, zin_statuary, kiku_gazebo_garden_becter,
          makhleb_altar_promises_db, nicolae_elyvilon_temple_path,
          nicolae_tso_besieged_by_evil, serial_shops, shop,
          nicolae_elevator_lobby_plus
D:4:      layout_basic, portal_sewer_entry_a, uniq_menkaure, uniq_blork_the_orc,
          uniq_pikel
D:5:      minmay_thinvault, layout_loops_ring, kennysheep_generic_room_6
D:6:      layout_rooms
D:7:      layout_loops_ring, lemuel_temple_firewalk_b, uniq_joseph
D:8:      layout_basic, uniq_erica, uniq_psyche
D:9:      layout_loops_ring, erik_lair_dragon, zombieorc2_lemuel, serial_shops,
          kennysheep_little_box, enter_bailey_1, uniq_grum, uniq_harold
D:10:     layout_basic
Lair:1:   layout_cave_pods, lemuel_fruit_fields
Lair:2:   layout_hall_layers, elwin_shoals_entry_rooms,
          guppyfry_snake_entry_island, grunt_megastairs_1, uniq_fannar
Lair:3:   layout_roguey
Lair:4:   layout_cave_shapes, dpeg_slime_entry_enclosed,
          chequers_serial_rivers_small_3, dreamdust_gnoll_shepherd,
          lemuel_fruit_fields
Lair:5:   gammafunk_lair_ancient_temple, layout_regular_city,
          guppyfry_lair_drakes
Snake:1:  layout_gridlike, serial_shops, shop, portal_ice_cave_entry_pillars_2,
          nicolae_shop_i_like_big_books
Orc:1:    layout_caves, mines3_lemuel
Orc:2:    pubby_orc_utopia

Skill      XL: |  1  2  3  4  5  6  7  8  9 10 11 12 13 14 |
---------------+-------------------------------------------+-----
Spellcasting   | 3 4 6 7 8 10 11 12 14 15 16 | 16.6
Fighting       | 1 2 3 4 5 6 8 9 10 11 12 13 | 13.8
Necromancy     | 5 6 7 9 10 11 12 13 14 | 14.4
Dodging        | 3 5 6 8 9 10 | 10.3
Armour         | 1 |  1.2
Stealth        | |  1.5

Action                   |  1- 3 |  4- 6 |  7- 9 | 10-12 | 13-15 || total
-------------------------+-------+-------+-------+-------+-------++-------
Melee: Dagger            |    18 |   131 |       |       |       ||   149
       Whip              |       |       |   204 |     3 |       ||   207
       Mace              |       |       |     8 |       |       ||     8
       Punch             |       |       |     4 |    11 |     9 ||    24
       Short sword       |       |       |       |   107 |       ||   107
       Rapier            |       |       |       |   342 |   421 ||   763
       Long sword        |       |       |       |       |    33 ||    33
       Staff             |       |       |       |       |     9 ||     9
Throw: Dart              |       |     2 |       |       |       ||     2
 Cast: Necrotise         |    58 |   101 |    85 |    18 |       ||   262
       Vampiric Draining |       |    15 |    69 |   135 |   145 ||   364
       Animate Dead      |       |       |     4 |    10 |    15 ||    29
       Agony             |       |       |     2 |    50 |    70 ||   122
       Anguish           |       |       |     1 |    13 |    21 ||    35
       Dispel Undead     |       |       |     1 |    25 |       ||    26
       Death Channel     |       |       |       |     4 |    14 ||    18
       Corpse Rot        |       |       |       |       |     1 ||     1
       Borgnjor's Vile C |       |       |       |       |     1 ||     1
  Use: Scroll            |       |     4 |     2 |    10 |     4 ||    20
 Stab: Sleeping          |     1 |       |     1 |     5 |     2 ||     9
       Distracted        |       |       |       |     1 |     3 ||     4
Armor: Robe              |     4 |    33 |   106 |    23 |       ||   166
       Steam dragon scal |       |       |       |   151 |   198 ||   349
       Troll leather arm |       |       |       |       |    17 ||    17
Dodge: Dodged            |    19 |   107 |   236 |   613 |   734 ||  1709
Block: Other             |       |       |       |   150 |   205 ||   355
       Reflection        |       |       |       |     1 |     1 ||     2
